 Dungeon Crawl Stone Soup version 0.29-a0-23-ga79f92ac9c (webtiles) character file.

Game seed: 14628149447871340593

741 agentchuck the Magician (level 7, 0/32 HPs)
             Began as a Spriggan Earth Elementalist on Jan 30, 2022.
             Was a Believer of Uskayaw.
             Killed from afar by Blork the orc (7 damage)
             ... with a puff of frost
             ... on level 4 of the Dungeon.
             The game lasted 00:17:03 (5887 turns).

agentchuck the Magician (SpEE)                      Turns: 5887, Time: 00:17:04

Health: 0/32       AC:  3    Str:  4    XL:     7   Next: 47%
Magic:  4/16       EV: 17    Int: 18    God:    Uskayaw [**....]
Gold:   208        SH:  0    Dex: 16    Spells: 7/17 levels left

rFire   . . .      SeeInvis +   d - +0 dagger
rCold   . . .      Faith    .   (no shield)
rNeg    . . .      Spirit   .   n - +0 robe {Archmagi}
rPois   .          Reflect  .   (helmet restricted)
rElec   .          Harm     .   o - +0 cloak
rCorr   .          Rampage  .   (gloves unavailable)
Will    +....      Archmagi +   (boots unavailable)
Stlth   +++.......              (no amulet)
HPRegen 0.10/turn               (no ring)
MPRegen 0.15/turn               (no ring)

@: very slightly contaminated, very quick
A: very small, no large weapons, unfitting armour, see invisible, speed 3
a: Renounce Religion, Stomp, Line Pass


You were on level 4 of the Dungeon.
You worshipped Uskayaw.
Uskayaw was noncommittal.
You visited 2 branches of the dungeon, and saw 5 of its levels.

You collected 208 gold pieces.


Innate Abilities, Weirdness & Mutations

You are very small and have problems with some larger weapons.
You are too small for most types of armour.
You have supernaturally acute eyesight. (SInv)
You cover ground extremely quickly. (Speed+++)


   Skills:
 + Level 3.0 Dodging
 + Level 3.8 Stealth
 * Level 5.5 Spellcasting
 * Level 3.3 Conjurations
 - Level 1.3 Transmutations
 * Level 5.4 Earth Magic


You had 7 spell levels left.
You knew the following spells:

 Your Spells              Type           Power      Damage    Failure   Level
a - Passwall              Tmut/Erth      20%        N/A       4%          2
p - Petrify               Tmut/Erth      25%        N/A       30%         4
w - Stone Arrow           Conj/Erth      62%        3d10      6%          3
z - Sandblast             Erth           72%        2d16      1%          1

Your spell library contained the following spells:

 Spells                   Type           Power      Damage    Failure   Level
 Animate Skeleton         Necr           14%        N/A       13%         1
 Pain                     Necr           28%        1d5       13%         1
 Vampiric Draining        Necr           7%         2d6       36%         3

Inventory:

Hand Weapons
 d - a +0 dagger (weapon)
Missiles
 c - 116 stones
 t - 8 poisoned darts
Armour
 n - a +0 robe of the Archmagi (worn)
 o - a +0 cloak (worn)
Magical Staves
 f - a staff of fire
Jewellery
 C - a ring of protection from cold
Wands
 l - a wand of mindburst (13)
Scrolls
 a - a scroll of magic mapping
 g - a scroll of silence {!r}
 i - a scroll of vulnerability {unknown}
 r - a scroll of teleportation {unknown}
 s - a scroll of immolation {unknown}
Potions
 b - a potion of curing {unknown}
 e - 2 potions of lignification {unknown}
 h - 2 potions of magic {unknown}
 j - a potion of brilliance {unknown}
 k - a potion of mutation {unknown}
 m - a potion of ambrosia {unknown}
 p - a potion of invisibility {unknown}
 q - a potion of heal wounds {unknown}

Dungeon Overview and Level Annotations

Branches:
Dungeon (4/15)             Temple (1/1) D:4

Altars:
Cheibriados
Dithmenos
Elyvilon
Fedhas
Gozag
Hepliaklqana
Kikubaaqudgha
Makhleb
Nemelex Xobeh
Okawaru
Ru
Sif Muna
Trog
Uskayaw
Vehumet
Wu Jian
Xom
Yredelemnul
Zin
The Shining One

Annotations:
D:2 Sigmund
D:3 2 transporters, SirFunk's ghost, amateur DjCj
D:4 Blork the orc

#............#....# ...
#............#....# ###
#............#....## #
#............'.....# #
#............#.....# +
#............#.....# #
#............###########
#..###.......#....#.....
.... #.@.....#..w.#.....
..#. #.......#....#.....
.$ #.......#....'.....
#.......#....#.....
#.......#.oo.#...?.
#......o##'###.....
#........).........
########...........
#...........


You could see Blork the orc (fast).


Message History

Press: ? - help, Shift-Dir - straight line, f - Blork the orc
Aim: Blork the orc, wielding a +3 glaive of protection and wearing a +0 robe (77% to hit)
You feel a surge of power!
The stone arrow hits Blork the orc!!
Blork the orc is severely wounded.
Blork the orc gestures wildly while chanting.
Blork the orc seems to speed up.
You can now pass through a line of other dancers.
Casting: Stone Arrow (dangerous; 6% risk of failure)
Confirm with . or Enter, or press ? or * to list all spells.
Aiming: Stone Arrow (dangerous; 6% risk of failure)
Press: ? - help, Shift-Dir - straight line, f/p - Blork the orc
Aim: Blork the orc, wielding a +3 glaive of protection and wearing a +0 robe (severely wounded, fast, 77% to hit)
You feel a surge of power!
You miscast Stone Arrow.
You are very lightly contaminated with residual magic.
Nothing appears to happen.
Casting: Stone Arrow (dangerous; 6% risk of failure)
Confirm with . or Enter, or press ? or * to list all spells.
Aiming: Stone Arrow (dangerous; 6% risk of failure)
Press: ? - help, Shift-Dir - straight line, f/p - Blork the orc
Aim: Blork the orc, wielding a +3 glaive of protection and wearing a +0 robe (severely wounded, fast, 77% to hit)
You feel a surge of power!
You miscast Stone Arrow.
Nothing appears to happen.
Blork the orc hits you from afar with a +3 glaive of protection!!
Ouch! That really hurt!
* * * LOW HITPOINT WARNING * * *
Blork the orc points at you and mumbles some strange words.
The magic dart hits you.
* * * LOW HITPOINT WARNING * * *
Blork the orc casts a spell at you. The puff of frost hits you!
You die...

Skill      XL: |  1  2  3  4  5  6  7 |
---------------+----------------------+-----
Spellcasting   | 3 4 5 |  5.5
Earth Magic    | 3 4 5 |  5.4
Conjurations   | 1 2 3 |  3.3
Dodging        | 3 |  3.0
Stealth        | |  3.8
Transmutations | |  1.3

Action                   |  1- 3 |  4- 6 |  7- 9 || total
-------------------------+-------+-------+-------++-------
Melee: Dagger            |    78 |    28 |       ||   106
       Punch             |       |     2 |       ||     2
 Cast: Sandblast         |    39 |    31 |     9 ||    79
       Stone Arrow       |     5 |    24 |    10 ||    39
  Use: Scroll            |       |     2 |       ||     2
 Stab: Sleeping          |     6 |     5 |       ||    11
Armor: Robe              |     8 |     3 |       ||    11
Dodge: Dodged            |    64 |    26 |     2 ||    92

Levels and vault maps discovered:
D:1:      dpeg_arrival_arbitrary_c, layout_loops_ring, serial_co_window_serial,
          co_window_corner_a, co_window_corner_a, co_window_paths_a,
          co_window_paths_a, co_window_of_opportunity_a, co_window_2corner,
          co_window_corner_b, co_window_broadway_a, co_window_unsneaky_path_d,
          co_window_of_opportunity_b, co_window_2corner, glass_columns_c,
          palyth_stone_intersect, minmay_misc_feat_room
D:2:      layout_loops_corners, dreamdust_ecumenical_altar_hidden_monk_grotto,
          uniq_sigmund, uniq_robin
D:3:      layout_basic, gammafunk_ghost_gnarly_gnolls, uniq_grinder,
          uniq_crazy_yiuf_cottage, uniq_ijyb, uniq_jessica
D:4:      layout_gridville, nicolae_qazlal_scattered_showers, temple_statues,
          uniq_blork_the_orc, uniq_edmund, uniq_natasha
Temple:   mainiacjoe_temple_cubbyholes

Notes
Turn   | Place    | Note
-------+----------+-------------------------------------------
     0 | D:1      | agentchuck the Spriggan Earth Elementalist began the quest
                  | for the Orb.
     0 | D:1      | Reached XP level 1. HP: 9/9 MP: 5/5
   135 | D:1      | Reached skill level 3 in Spellcasting
   169 | D:1      | Reached skill level 3 in Earth Magic
   188 | D:1      | Reached XP level 2. HP: 13/13 MP: 5/7
  1428 | D:1      | Reached XP level 3. HP: 16/16 MP: 9/9
  1447 | D:1      | Learned a level 3 spell: Stone Arrow
  2006 | D:2      | Noticed Sigmund
  2063 | D:2      | Noticed Robin
  2065 | D:2      | Killed Robin
  2370 | D:2      | Reached XP level 4. HP: 15/21 MP: 7/10
  2635 | D:2      | Noticed a necrophage
  2671 | D:2      | Reached skill level 1 in Conjurations
  2978 | D:2      | Found a faded altar of an unknown god.
  3096 | D:2      | Killed a necrophage
  3097 | D:2      | Reached skill level 4 in Earth Magic
  3097 | D:2      | Reached XP level 5. HP: 24/24 MP: 3/11
  3211 | D:2      | Learned a level 2 spell: Passwall
  3369 | D:3      | Identified a +0 robe of the Archmagi
  3369 | D:3      | Noticed Jessica
  3377 | D:3      | Killed Jessica
  3378 | D:3      | Reached skill level 2 in Conjurations
  3811 | D:3      | Learned a level 4 spell: Petrify
  3829 | D:3      | Identified the +8 spear of Nodow {vamp, Drain rPois rF-
                  | Str+4}
  3854 | D:3      | Found a transporter.
  3854 | D:3      | Found a transporter.
  3865 | D:3      | Noticed SirFunk's ghost (amateur DjCj)
  3879 | D:3      | Noticed Grinder
  4085 | D:3      | Killed Grinder
  4086 | D:3      | Reached skill level 4 in Spellcasting
  4086 | D:3      | Reached XP level 6. HP: 22/28 MP: 2/13
  4363 | D:3      | Noticed Ijyb
  4367 | D:3      | Killed Ijyb
  4557 | D:3      | Found a runed translucent door.
  4558 | D:3      | Noticed Crazy Yiuf
  4573 | D:3      | Killed Crazy Yiuf
  4574 | D:3      | Reached skill level 5 in Earth Magic
  4684 | D:4      | Noticed Edmund
  4699 | D:4      | Killed Edmund
  4700 | D:4      | Reached skill level 5 in Spellcasting
  4700 | D:4      | Reached skill level 3 in Conjurations
  4700 | D:4      | Reached XP level 7. HP: 32/32 MP: 0/15
  5133 | D:4      | Found a staircase to the Ecumenical Temple.
  5140 | Temple   | Entered the Ecumenical Temple
  5497 | Temple   | Became a worshipper of Uskayaw the Reveller
  5578 | D:4      | Noticed Natasha
  5581 | D:4      | Reached * piety under Uskayaw
  5582 | D:4      | Killed Natasha
  5610 | D:4      | Noticed Blork the orc
  5761 | D:4      | Noticed Natasha
  5766 | D:4      | Killed Natasha
  5881 | D:4      | Reached skill level 3 in Dodging
  5882 | D:4      | Reached ** piety under Uskayaw
  5887 | D:4      | Killed from afar by Blork the orc

Vanquished Creatures
  Grinder (D:3)
  Edmund (D:4)
  A necrophage (D:2)
  A hound (D:3)
  2 orc priests (D:4)
  Crazy Yiuf (D:3)
  Jessica (D:3)
  An orc wizard (D:4)
  Natasha (twice) (D:4)
  Ijyb (D:3)
  Robin (D:2)
  A worm (D:2)
  4 dart slugs
  6 orcs
  7 endoplasms
  4 giant cockroaches
  13 goblins
  12 hobgoblins
  2 jackals (D:3)
  A quokka (D:1)
  11 ball pythons
  6 bats
  5 frilled lizards
  5 kobolds
  6 rats
96 creatures vanquished.

Vanquished Creatures (others)
  6 plants (D:3)
6 creatures vanquished.

Grand Total: 102 creatures vanquished

Table legend: (Time is in decaauts)
 A = Elapsed time spent in this place.
 B = Non-inter-level travel time spent in this place.
 C = Inter-level travel time spent in this place.
 D = Time resting spent in this place.
 E = Time spent auto-exploring this place.
 F = Levels seen in this place.
 G = Mean time per level.
                   A        B        C        D        E       F      G
               +--------+--------+--------+--------+--------+-----+--------+
         Total |   4572 |   4383 |    189 |   1732 |   1738 |   5 |  914.4 |
       Dungeon |   4334 |   4200 |    134 |   1732 |   1559 |   4 | 1083.5 |
        Temple |    238 |    183 |     55 |      0 |    178 |   1 |  238.0 |
               +--------+--------+--------+--------+--------+-----+--------+

Top non-repeatable levels by time:
     D:1: 1349 daAuts
     D:3: 1258 daAuts
     D:2: 1111 daAuts
     D:4: 614 daAuts
  Temple: 238 daAuts

Table legend:
 A = Non-vault XP
 B = Vault XP
 C = Vault XP percentage of total XP
 D = Non-vault monster count
 E = Vault monster count
 F = Vault count percentage of total count
                 A         B        C        D         E       F
            +---------+---------+-------+---------+---------+-------
      Total |     453 |     606 |  57.2 |      80 |      16 |  16.7
            +---------+---------+-------+---------+---------+-------
        D:1 |      46 |       0 |   0.0 |      29 |       0 |   0.0
        D:2 |     154 |      33 |  17.6 |      17 |      10 |  37.0
        D:3 |      81 |     369 |  82.0 |      23 |       4 |  14.8
        D:4 |     172 |     204 |  54.3 |      11 |       2 |  15.4
            +---------+---------+-------+---------+---------+-------
